 Dungeon Crawl Stone Soup version 0.25-a0-583-g696c2ac64d (webtiles) character file.

Game seed: 18299399693154735379, levelgen mode: deterministic

112 EriolAelfwine the Charmwright (level 4, 0/34 HPs)
             Began as a Merfolk Skald on Mar 8, 2020.
             Slain by a goblin
             ... wielding a cursed +0 club
             ... led by Robin
              (1 damage)
             ... on level 3 of the Dungeon.
             The game lasted 00:07:46 (4113 turns).

EriolAelfwine the Charmwright (Merfolk Skald)       Turns: 4113, Time: 00:07:47

Health: 0/34       AC:  3    Str: 11    XL:     4   Next: 95%
Magic:  5/7        EV: 12    Int: 13    God:
Gold:   123        SH:  0    Dex: 13    Spells: 1/7 levels left

rFire    . . .     SeeInvis .   a - +0 spear
rCold    . . .     Gourm    .   (no shield)
rNeg     . . .     Faith    .   b - +0 leather armour
rPois    .         Spirit   .   (no helmet)
rElec    .         Reflect  .   (no cloak)
rCorr    .         Harm     .   (no gloves)
MR       .....                  (no boots)
Stlth    +.........             (no amulet)
HPRegen  0.11/turn              (no ring)
MPRegen  0.10/turn              (no ring)

@: shrouded
A: change form in water, swift swim, stealthy swim
a: no special abilities


You were on level 3 of the Dungeon.
You were not hungry.

You visited 1 branch of the dungeon, and saw 3 of its levels.

You collected 123 gold pieces.

Inventory:

Hand Weapons
 a - a +0 spear (weapon)
Missiles
 s - 8 poisoned darts (quivered)
Armour
 b - a +0 leather armour (worn)
 l - a +0 kite shield
 o - a +0 ring mail
Jewellery
 j - a +4 ring of protection {unknown}
Scrolls
 c - 4 scrolls of remove curse {unknown}
 e - a scroll of fear {unknown}
 g - a scroll of random uselessness {unknown}
 k - a scroll of immolation {unknown}
 m - 2 scrolls of identify {unknown}
 n - 2 scrolls of noise {unknown}
 q - a scroll of magic mapping {unknown}
 t - a scroll of teleportation {unknown}
 w - a scroll of amnesia {unknown}
Potions
 f - a potion of flight {unknown}
 h - a potion of magic {unknown}
 i - a potion of heal wounds {unknown}
 p - a potion of might {unknown}
 r - a potion of mutation {unknown}
 u - 2 potions of degeneration {unknown}
 x - a potion of brilliance {unknown}
Comestibles
 d - 4 rations


   Skills:
 - Level 2.3 Fighting
 + Level 4.4 Polearms
 - Level 0.6 Armour
 - Level 2.9 Dodging
 - Level 2.1 Spellcasting
 + Level 4.4 Charms
 * Level 1.6 Translocations


You had one spell level left.
You knew the following spells:

 Your Spells              Type           Power        Failure   Level  Hunger
a - Infusion              Chrm           ##..         5%          1    ##.....
b - Shroud of Golubria    Chrm/Tloc      #.....       14%         2    ###....
c - Spectral Weapon       Hex/Chrm       #.......     38%         3    ####...

Your spell library contained the following spells:

 Spells                   Type           Power        Failure   Level  Hunger
 Song of Slaying          Chrm           ##......     9%          2    ###....
 Ozocubu's Armour         Chrm/Ice       #.......     38%         3    ####...


Dungeon Overview and Level Annotations

Branches:
Dungeon (3/15)

Altars:

Annotations:
D:3 Robin


Message History

The goblin is heavily wounded.
The hobgoblin barely misses you. The goblin closely misses you.
The goblin hits you but does no damage.
You hit the goblin.
The goblin is severely wounded.
The hobgoblin barely misses you. The goblin misses you.
The goblin hits you with a +0 dagger.
* * * LOW HITPOINT WARNING * * *
You hit the goblin.
You kill the goblin!
The goblin hits you.
* * * LOW HITPOINT WARNING * * *
The hobgoblin hits you with a cursed -3 club.
* * * LOW HITPOINT WARNING * * *
Robin throws the goblin at you! The goblin closely misses you.
The goblin hits you but does no damage.
You see here a +0 dagger.
You closely miss the goblin.
The goblin hits you with a cursed +0 club.
You die...

###########.############.######
######### #.<.................#
........# ##############.####.#
........# #.. #.# #.# ........#
#.# #.# #.# ........###.######
#.# #.# ........+..... ..# #.#
#.### ........###g####g#### #.#
#.... ...........ggg.g@g..#
#.......###
.........###g####.#.# ##.####.#
.........##..... ...# #.#
.......g.##..#.###.## #..
.........##.g....g... ..#
........g##.......#.# #.#
.........##.......... #.#
........g###...##.##.#
#'######....g...#


You could see Robin, 2 hobgoblins and 5 goblins.

Vanquished Creatures
  3 gnolls (D:2)
  An adder (D:2)
  3 dart slugs
  2 leopard geckos (D:1)
  2 orcs (D:3)
  8 bats
  A giant cockroach (D:3)
  8 goblins
  6 hobgoblins
  9 jackals
  A quokka (D:3)
  3 frilled lizards (D:1)
  5 kobolds
  10 rats
62 creatures vanquished.

Notes
Turn   | Place    | Note
-------+----------+-------------------------------------------
     0 | D:1      | EriolAelfwine the Merfolk Skald began the quest for the
                  | Orb.
     0 | D:1      | Reached XP level 1. HP: 16/16 MP: 3/3
    29 | D:1      | Reached XP level 2. HP: 8/23 MP: 5/5
   341 | D:1      | Learned a level 2 spell: Shroud of Golubria
   704 | D:1      | Reached XP level 3. HP: 19/28 MP: 6/6
   709 | D:1      | Learned a level 3 spell: Spectral Weapon
  2228 | D:2      | Reached skill level 1 in Translocations
  2228 | D:2      | Reached XP level 4. HP: 21/34 MP: 5/7
  4086 | D:3      | Noticed Robin
  4111 | D:3      | HP: 1/34 [hobgoblin/cursed -3 club[Robin] (2)]
  4113 | D:3      | Slain by a goblin

Levels and vault maps discovered:
D:1:      dpeg_arrival_short_road, layout_rooms, chequers_serial_rivers_small_3
D:2:      layout_loops_cross
D:3:      layout_basic, uniq_robin, uniq_grinder

Skill      XL: |  1  2  3 |
---------------+----------+-----
Charms         | 4 |  4.4
Polearms       | 4 |  4.4
Translocations | 1 |  1.6
Fighting       | |  2.3
Armour         | |  0.6
Dodging        | |  2.9
Spellcasting   | |  2.1

Action                   |  1- 3 |  4- 6 || total
-------------------------+-------+-------++-------
Melee: Spear             |   211 |   175 ||   386
 Cast: Shroud of Golubri |     1 |     7 ||     8
 Stab: Sleeping          |     1 |       ||     1
  Eat: Chunk             |     4 |     7 ||    11
Armor: Leather armour    |    34 |    30 ||    64
Dodge: Dodged            |   100 |    71 ||   171

Table legend:
 A = Non-vault XP
 B = Vault XP
 C = Vault XP percentage of total XP
 D = Non-vault monster count
 E = Vault monster count
 F = Vault count percentage of total count
                 A         B        C        D         E       F
            +---------+---------+-------+---------+---------+-------
      Total |     159 |       2 |   1.2 |      61 |       1 |   1.6
            +---------+---------+-------+---------+---------+-------
        D:1 |      47 |       0 |   0.0 |      25 |       0 |   0.0
        D:2 |      85 |       0 |   0.0 |      22 |       0 |   0.0
        D:3 |      27 |       2 |   6.9 |      14 |       1 |   6.7
            +---------+---------+-------+---------+---------+-------
